 Dungeon Crawl Stone Soup version 0.21.1-1-g345015f (webtiles) character file.

2239 TenguReborn the Twirler (level 9, 0/55 HPs)
             Began as a Tengu Gladiator on June 10, 2018.
             Was a Priest of Nemelex Xobeh.
             Slain by an acid dragon (shapeshifter) (2 damage)
             ... on level 7 of the Dungeon on June 26, 2018.
             The game lasted 01:07:16 (7206 turns).

TenguReborn the Twirler (Tengu Gladiator)           Turns: 7206, Time: 01:07:16

Health: 0/55       AC:  0    Str: 17    XL:     9   Next: 36%
Magic:  0/14       EV:  3    Int: 12    God:    Nemelex Xobeh [***...]
Gold:   356        SH:  9    Dex: 17    Spells: 8/8 levels left

rFire    . . .     SeeInvis +   O - +2 short sword (elec)
rCold    . . .     Gourm    .   A - +2 shield
rNeg     . . .     Faith    .   N - +0 plate armour
rPois    .         Spirit   +   c - +0 hat
rElec    .         Reflect  .   e - scarf {Spirit}
rCorr    .         Harm     .   (no gloves)
MR       .....                  (boots unavailable)
Stlth    ..........             (no amulet)
HPRegen  0.18/turn              m - +4 ring of intelligence
MPRegen  0.14/turn              u - ring of see invisible

@: corroded
A: beak, talons 3, able to fly 1
a: Fly, Triple Draw, Renounce Religion


You were on level 7 of the Dungeon.
You worshipped Nemelex Xobeh.
Nemelex Xobeh was most pleased with you.
You were not hungry.

You visited 1 branch of the dungeon, and saw 7 of its levels.
You also visited: Sewer.

You collected 356 gold pieces.

Inventory:

Hand Weapons
 a - a +0 quarterstaff
 b - a +0 hunting sling
 w - a +0 blowgun
 H - a +0 dagger of venom
 O - a +2 short sword of electrocution (weapon)
Missiles
 d - 3 throwing nets
 g - 217 stones (quivered)
 l - 4 javelins
 o - 72 arrows
 J - 24 sling bullets
 K - 6 poisoned needles
 M - 3 tomahawks
 Q - 2 javelins of returning
Armour
 c - a +0 hat (worn)
 e - a scarf of spirit shield (worn)
 A - a +2 shield (worn)
 L - the +1 leather armour of Analysis {MR++ Int+5}
   (You found it in a sewer)

   It affects your intelligence (+5).
   It affects your resistance to hostile enchantments.
 N - a +0 plate armour (worn)
Jewellery
 m - a +4 ring of intelligence (left hand)
 u - a ring of see invisible (right hand)
Wands
 y - a wand of disintegration (12)
 D - a wand of acid (4)
 F - a wand of flame (17)
Scrolls
 i - 3 scrolls of remove curse
 n - a scroll of blinking {unknown}
 r - 3 scrolls of enchant armour {unknown}
 s - 4 scrolls of fear {unknown}
 t - a scroll of magic mapping {unknown}
 B - a scroll of amnesia {unknown}
 E - 3 scrolls of teleportation
 G - 2 scrolls of random uselessness {unknown}
 W - a scroll of immolation {unknown}
Potions
 k - 4 potions of degeneration {unknown}
 p - 4 potions of brilliance {unknown}
 q - 3 potions of agility {unknown}
 v - a potion of lignification
 x - 10 potions of curing {unknown}
 z - 7 potions of heal wounds {unknown}
 C - 3 potions of cancellation {unknown}
 I - 2 potions of flight
 R - a potion of magic
 T - 2 potions of might {unknown}
Books
 h - a book of Minor Magic

   Spells                             Type                      Level
   a - Magic Dart                     Conjuration                  1
   b - Blink                          Translocation                2
   c - Call Imp                       Summoning                    2
   d - Slow                           Hexes                        2
   e - Conjure Flame                  Conjuration/Fire             3
   f - Mephitic Cloud                 Conjuration/Poison/Air       3
 P - a book of Conjurations

   Spells                             Type                      Level
   a - Magic Dart                     Conjuration                  1
   b - Searing Ray                    Conjuration                  2
   c - Dazzling Spray                 Conjuration/Hexes            3
   d - Fulminant Prism                Conjuration/Hexes            4
   e - Force Lance                    Conjuration/Translocation    4
   f - Iskenderun's Mystic Blast      Conjuration                  4
Miscellaneous
 j - a plain deck of summoning {drawn: 7}
 S - a plain deck of summoning
 V - a plain deck of destruction {drawn: 4}
Comestibles
 f - 7 rations
 U - 5 chunks of flesh


   Skills:
 + Level 5.8 Fighting
 - Level 7.8 Staves
 - Level 2.0 Throwing
 + Level 2.4 Armour
 - Level 3.2 Dodging
 + Level 5.7 Invocations
 - Level 5.0 Evocations


You had 8 spell levels left.
You didn't know any spells.

Dungeon Overview and Level Annotations

Branches:
Dungeon (7/15)             Temple (0/1) D:6

Altars:
Nemelex Xobeh
Wu Jian
Xom
Zin

Shops:
D:5 =

Annotations:
D:3 Vodalian's ghost, amateur DrBe
D:4 theblackcape's ghost, amateur GnWn


Innate Abilities, Weirdness & Mutations

You have a beak for a mouth.
You have claws for feet.
You can fly.


Message History

The acid dragon is almost dead.
The acid dragon spits acid at you. The splash of acid hits you!
The acid corrodes you!
You are splashed with acid!
The acid burns!
A gnoll comes into view.
You take 15 damage, and have 26/55 hp.
MASSIVE DAMAGE!!
You now have 6/14 mp.
You closely miss the acid dragon.
The acid dragon is almost dead.
The acid dragon spits acid at you. The splash of acid hits you!
* * * LOW HITPOINT WARNING * * *
The acid corrodes you!
You are splashed with acid!
The acid burns!
* * * LOW MAGIC WARNING * * *;
* * * LOW HITPOINT WARNING * * *
A gnoll comes into view. It is wielding a halberd.
You take 24 damage, and have 2/55 hp.
MASSIVE DAMAGE!!
You now have 0/14 mp.
Unknown command.
Magic courses through your body. The acid dragon bites you!
* * * LOW MAGIC WARNING * * *
You die...
Your body glows slightly and disappears.

##.# ## #..# .. #.##
.# #.# .# ##.###.##
#######..[#...#####
.................g.
.#####.#...#....####
.....$.....D@.....g.
.#####.##.###.#.####
#. #.# ..... #. #..
...... .. ...#
##.###. #. ##?# .#
#. .. # ## .#


You could see an acid dragon shaped shifter and 2 gnolls.

Vanquished Creatures
  The ghost of twistedcrescendo the Poker, a novice MiFi of Okawaru (D:6)
  An ice beast (D:6)
  A phantom (D:4)
  A wolf (D:7)
  An ogre (D:6)
  A big kobold (Sewer)
  A bullfrog (D:6)
  A scorpion (D:4)
  2 crimson imps
  A hound (D:5)
  2 quasits
  A bullfrog zombie (D:5)
  A centaur skeleton (D:5)
  2 bullfrog skeletons
  An orc priest (D:7)
  2 orc wizards
  Terence (D:3)
  4 worker ants
  A hound skeleton (D:4)
  Robin (D:3)
  A worker ant zombie (D:5)
  10 adders
  6 gnolls
  5 river rats (Sewer)
  A shadow imp (D:5)
  3 oozes
  A worm (D:4)
  3 dart slugs
  4 leopard geckos
  17 orcs
  3 giant cockroaches
  10 hobgoblins
  2 jackals (D:6)
  3 quokkas
  5 ball pythons
  A ball python skeleton (D:4)
  A bat (D:1)
  4 frilled lizards
  14 goblins
  A jackal skeleton (D:4)
  16 kobolds
  A leopard gecko skeleton (D:4)
  24 rats
163 creatures vanquished.

Vanquished Creatures (collateral kills)
  Grinder (D:3)
  2 sky beasts (D:7)
  2 big kobolds (Sewer)
  A bullfrog (D:7)
  A scorpion (D:7)
  A crimson imp (D:7)
  A jelly (D:6)
  An orc wizard (D:7)
  7 gnolls
  An adder (D:7)
  A worm (D:3)
  A leopard gecko (D:7)
  4 orcs (D:7)
  A ball python (Sewer)
  2 kobolds (Sewer)
27 creatures vanquished.

Vanquished Creatures (others)
  A necrophage (D:5)
  An orc (D:7)
  A quokka skeleton (D:7)
3 creatures vanquished.

Grand Total: 193 creatures vanquished

Notes
Turn   | Place    | Note
-------+----------+-------------------------------------------
     0 | D:1      | TenguReborn the Tengu Gladiator began the quest for the Orb.
     0 | D:1      | Reached XP level 1. HP: 12/12 MP: 2/2
   331 | D:1      | Reached skill level 4 in Staves
   331 | D:1      | Reached XP level 2. HP: 17/17 MP: 3/3
   734 | D:2      | Reached XP level 3. HP: 19/21 MP: 4/4
   900 | D:2      | Found a sparkling altar of Nemelex Xobeh.
   907 | D:2      | Became a worshipper of Nemelex Xobeh the Trickster
  1101 | D:3      | Noticed Vodalian's ghost (amateur DrBe)
  1105 | D:3      | Noticed Grinder
  1243 | D:3      | Reached skill level 5 in Staves
  1264 | D:3      | HP: 1/21 [orc wizard/puff of frost (11)]
  1266 | D:3      | Reached XP level 4. HP: 2/26 MP: 5/5
  1927 | D:3      | Received a gift from Nemelex Xobeh
  1998 | D:3      | Noticed Terence
  2004 | D:3      | Killed Terence
  2004 | D:3      | Reached skill level 1 in Invocations
  2004 | D:3      | Gained mutation: You can fly. [Tengu growth]
  2004 | D:3      | Reached XP level 5. HP: 26/30 MP: 4/6
  2213 | D:3      | Reached skill level 6 in Staves
  2254 | D:3      | Noticed Robin
  2326 | D:3      | Killed Robin
  2418 | D:3      | Killed Grinder
  2418 | D:3      | Reached skill level 1 in Evocations
  2418 | D:3      | Reached XP level 6. HP: 27/35 MP: 6/9
  3097 | D:4      | Found a glowing drain.
  3108 | D:4      | Noticed a phantom
  3122 | Sewer    | Entered a sewer
  3154 | Sewer    | Reached skill level 1 in Armour
  3386 | Sewer    | Reached XP level 7. HP: 40/40 MP: 6/10
  3562 | Sewer    | Reached * piety under Nemelex Xobeh
  3693 | Sewer    | Got a spiked leather armour
  3929 | D:4      | Noticed theblackcape's ghost (amateur GnWn)
  4887 | D:5      | Entered Level 5 of the Dungeon
  4914 | D:5      | Found Mezo's Jewellery Shoppe.
  4936 | D:5      | Reached XP level 8. HP: 42/46 MP: 9/11
  5089 | D:5      | Reached ** piety under Nemelex Xobeh
  5138 | D:5      | Received a gift from Nemelex Xobeh
  5209 | D:5      | Reached skill level 7 in Staves
  6059 | D:6      | Noticed an angel
  6060 | D:6      | Found a shimmering altar of Xom.
  6060 | D:6      | Received a gift from Nemelex Xobeh
  6080 | D:6      | Found a glowing silver altar of Zin.
  6169 | D:6      | Noticed twistedcrescendo's ghost (novice MiFi)
  6184 | D:6      | Noticed an orange demon
  6278 | D:6      | Killed twistedcrescendo's ghost
  6278 | D:6      | Reached skill level 5 in Invocations
  6278 | D:6      | Reached XP level 9. HP: 53/53 MP: 13/13
  6342 | D:6      | Reached skill level 5 in Fighting
  6344 | D:6      | Found a staircase to the Ecumenical Temple.
  6436 | D:6      | Identified the +1 leather armour of Analysis {MR++ Int+5} (You found it in a sewer)
  6610 | D:6      | Reached skill level 5 in Evocations
  6799 | D:6      | Reached *** piety under Nemelex Xobeh
  7003 | D:7      | Received a gift from Nemelex Xobeh
  7017 | D:7      | Found an ornate altar of the Wu Jian Council.
  7205 | D:7      | HP: 2/55 [acid (12)]
  7206 | D:7      | Slain by an acid dragon (shapeshifter)

Skill      XL: |  1  2  3  4  5  6  7  8  9 |
---------------+----------------------------+-----
Staves         | 4 5 6 7 |  7.8
Invocations    | 1 2 3 5 |  5.7
Evocations     | 1 2 3 4 5 |  5.0
Armour         | 1 2 |  2.4
Fighting       | 3 4 5 |  5.8
Throwing       | |  2.0
Dodging        | |  3.2

Action                   |  1- 3 |  4- 6 |  7- 9 || total
-------------------------+-------+-------+-------++-------
Melee: Quarterstaff      |    57 |   110 |   100 ||   267
       Kick              |    16 |    20 |    61 ||    97
       Peck              |     7 |    19 |    24 ||    50
       Dagger            |       |       |    20 ||    20
       Short sword       |       |       |    45 ||    45
 Fire: Hunting sling     |       |    45 |    19 ||    64
       Blowgun           |       |       |     9 ||     9
Throw: Stone             |    44 |    89 |    51 ||   184
       Throwing net      |     1 |     4 |       ||     5
       Javelin           |     1 |     2 |       ||     3
 Abil: Fly               |       |     3 |     5 ||     8
Evoke: Deck              |       |     2 |    20 ||    22
       Wand              |       |       |     7 ||     7
  Use: Scroll            |       |       |     6 ||     6
       Potion            |       |       |     1 ||     1
  Eat: Chunk             |     1 |     7 |     9 ||    17
       Ration            |       |       |     1 ||     1
Armor: Ring mail         |    12 |       |       ||    12
       Scale mail        |       |    26 |    37 ||    63
       Plate armour      |       |       |    24 ||    24
Dodge: Dodged            |    17 |    39 |    61 ||   117
Block: Shield            |       |       |    19 ||    19
